Crunch vs Icehogs
Created - May 18, 2022 at 20:43
Goals
|
| Crunch |
2 |
1 |
1 |
4 |
| Icehogs |
2 |
2 |
2 |
6 |
|
Shots
|
| Crunch |
10 |
5 |
16 |
31 |
| Icehogs |
14 |
12 |
9 |
35 |
|
1st period
1. Crunch , Michael Ferland 17 (Brock Boeser 55, Jeremy Lauzon 12) at 1:53
2. Icehogs , Mike Amadio 13 (Craig Cunningham 29, Frederik Gauthier 35) at 4:47
3. Crunch , Christoffer Ehn 13 (Anthony Cirelli 22) at 6:31
4. Icehogs , Andrew Mangiapane 11 (Michael Chaput 23, Curtis Lazar 31) at 14:10
Penalties :
Dillon Dube (Roc) for Holding (Minor) at 10:40, Jayson Megna (Syr) for High sticking (Double Minor) at 16:32
2nd period
5. Icehogs , Craig Cunningham 28 (Mike Amadio 22, Frederik Gauthier 36) at 0:16 (PP)
6. Icehogs , Mike Reilly 5 (Tanner Richard 28, Kevin Fiala 19) at 1:49
7. Crunch , Jared Staal 8 (Noah Hanifin 42, Connor Bunnaman 5) at 14:25
Penalties :
Petter Granberg (Roc) for Tripping (Minor) at 5:04
3rd period
8. Icehogs , Craig Cunningham 29 (Mike Amadio 23) at 0:06
9. Icehogs , Curtis Lazar 22 (Michael Chaput 24, Petter Granberg 31) at 8:43
10. Crunch , Noah Hanifin 8 (Jared Staal 4, Pierre-Luc Dubois 4) at 10:39
Penalties :
Matt Roy (Syr) for Hooking (Minor) at 5:04, Jayson Megna (Syr) for Holding (Minor) at 13:11, Andrew Mangiapane (Roc) for Roughing (Minor) at 19:39
Goalie Stats
Kaapo Kahkonen (Syr), 15 saves from 19 shots - (0.789), 21:49 minutes
Josef Korenar (Syr), 14 saves from 16 shots - (0.875), L, 10-14-2, 38:11 minutes
Joe Cannata (Roc), 27 saves from 31 shots - (0.871), W, 24-21-2, 60:00 minutes
Players Stats for Crunch
Player Name G A P +/- PIM S H SB GA TA FO MP PP MP PK MP
------------------------------------------------------------------------------------
Anthony Cirelli 0 1 1 2 0 0 2 0 0 0 1/2 14:33 1:34 0:00
Brock Boeser 0 1 1 -2 0 2 3 0 0 0 0/0 16:23 2:29 0:00
Charles-Olivier Roussel 0 0 0 0 0 3 1 2 0 2 0/0 21:25 2:08 3:28
Christoffer Ehn 1 0 1 2 0 2 2 0 0 0 9/17 18:30 1:34 3:57
Connor Bunnaman 0 1 1 2 0 3 0 0 0 0 2/4 9:09 0:00 0:13
Dalton Smith 0 0 0 -2 0 0 1 0 0 1 1/2 13:40 0:15 2:54
Denis Gurianov 0 0 0 -2 0 2 2 0 0 0 0/0 11:03 0:32 0:00
Dylan Strome 0 0 0 -2 0 0 1 1 0 0 3/5 13:05 0:00 2:34
Jacob Larsson 0 0 0 2 0 0 0 0 0 0 0/0 4:42 0:00 0:00
Jared Staal 1 1 2 2 0 4 4 0 1 0 0/0 9:08 0:12 0:00
Jayson Megna 0 0 0 -3 6 1 3 2 0 0 8/23 18:59 2:29 0:58
Jeremy Lauzon 0 1 1 0 0 2 0 0 0 1 0/0 11:44 0:00 0:37
Jordan Oesterle 0 0 0 -3 0 1 1 2 0 0 0/0 23:53 2:10 4:14
Matt Roy 0 0 0 0 2 2 0 1 0 1 0/0 21:19 2:08 2:39
Max McCormick 0 0 0 0 0 0 0 0 0 0 0/0 0:00 0:00 0:00
Michael Ferland 1 0 1 2 0 7 1 0 2 0 0/0 15:33 1:20 1:14
Noah Hanifin 1 1 2 -2 0 1 0 2 0 0 0/0 27:17 2:10 4:14
Pierre-Luc Dubois 0 1 1 2 0 0 1 0 0 0 0/0 8:56 0:00 0:00
Sean Walker 0 0 0 0 0 0 1 0 0 1 0/0 11:19 0:00 0:12
Teemu Hartikainen 0 0 0 -3 0 1 2 1 2 0 0/1 21:37 2:29 3:34
Players Stats for Icehogs
Player Name G A P +/- PIM S H SB GA TA FO MP PP MP PK MP
------------------------------------------------------------------------------------
Andrew Mangiapane 1 0 1 1 2 2 1 1 0 0 0/0 17:38 3:35 1:24
Ben Harpur 0 0 0 1 0 3 1 1 1 0 0/0 27:38 4:57 2:37
Craig Cunningham 2 1 3 1 0 6 1 0 1 2 0/0 22:17 3:46 2:20
Curtis Lazar 1 1 2 1 0 1 2 2 0 0 0/0 16:15 3:35 0:00
Dillon Dube 0 0 0 -2 2 0 0 0 0 0 0/1 8:03 0:00 0:00
Frederik Gauthier 0 2 2 1 0 2 3 0 0 0 17/29 22:19 3:46 2:22
Julius Honka 0 0 0 -1 0 0 1 0 0 1 0/0 13:29 0:11 0:40
Kevin Fiala 0 1 1 1 0 2 2 0 2 0 0/0 11:23 0:21 0:00
Mattias Janmark 0 0 0 -2 0 1 1 0 1 0 0/0 8:44 0:21 0:16
Michael Chaput 0 2 2 1 0 3 5 0 0 0 8/12 17:26 3:35 1:11
Mike Amadio 1 2 3 1 0 3 1 0 0 0 0/1 19:57 3:46 0:00
Mike Reilly 1 0 1 1 0 2 0 3 0 0 0/0 19:22 2:34 1:41
Mikhail Grigorenko 0 0 0 1 0 1 2 0 0 0 0/0 11:02 0:00 0:00
Myles Bell 0 0 0 0 0 0 0 0 0 0 0/0 0:00 0:00 0:00
Nick Mattson 0 0 0 1 0 2 0 0 0 1 0/0 19:22 2:34 1:41
Nick Paul 0 0 0 0 0 0 0 0 0 0 0/0 0:00 0:00 0:00
Nikita Scherbak 0 0 0 -2 0 2 1 2 0 0 0/0 8:04 0:00 0:00
Patrick Sieloff 0 0 0 -1 0 0 1 0 1 1 0/0 13:26 0:11 0:46
Petter Granberg 0 1 1 1 2 3 1 0 0 0 0/0 26:45 4:57 1:11
Tanner Richard 0 1 1 1 0 2 1 0 0 0 5/11 12:29 0:21 1:03
3 Stars
1 - Craig Cunningham (Roc)
2 - Mike Amadio (Roc)
3 - Jared Staal (Syr)
Power Play
Crunch - 0 on 3 Attempt(s) - 0.00%
Icehogs - 1 on 4 Attempt(s) - 25.00%
Penalty Kill
Crunch - 3 on 4 Attempt(s) - 75.00%
- Score 0 goal in Penalty Kill
Icehogs - 3 on 3 Attempt(s) - 100.00%
- Score 0 goal in Penalty Kill
Team Stat
Crunch - Hits : 25 - Faceoff Wins : 24 - Blocked Shots : 11 - Penalty Minutes : 8
Icehogs - Hits : 24 - Faceoff Wins : 30 - Blocked Shots : 9 - Penalty Minutes : 6
Official
Referees : TJ Luxmore and Ian Walsh
Linesman : Travis Gawryletz and Greg Devorski
Game Notes
Josef Korenar enters game at 1:49 of 2nd period
Finance
Level 1 -- Attendance: 1903 (95.15%) -- Ticket Income $66,605
Level 2 -- Attendance: 882 (88.20%) -- Ticket Income $13,230
Total Attendance: 2785 (92.83%)
Total Ticket Income: $79,835
Other Income: $3,992
Total Income: $83,827
Crunch
5 vs 5 Forward
Center Left Wing Right Wing Time % Phy DF OF
1 Jayson Megna Teemu Hartikainen Brock Boeser 40 1 2 2
2 Christoffer Ehn Michael Ferland Anthony Cirelli 30 1 2 2
3 Dylan Strome Dalton Smith Denis Gurianov 20 1 2 2
4 Connor Bunnaman Pierre-Luc Dubois Jared Staal 10 1 2 2
5 vs 5 Defense
Defense Defense Time % Phy DF OF
1 Noah Hanifin Jordan Oesterle 40 1 2 2
2 Matt Roy Charles-Olivier Roussel 30 1 2 2
3 Jeremy Lauzon Sean Walker 20 1 2 2
4 Jacob Larsson Noah Hanifin 10 1 2 2
PowerPlay Forward
Center Left Wing Right Wing Time % Phy DF OF
1 Jayson Megna Teemu Hartikainen Brock Boeser 60 1 2 2
2 Christoffer Ehn Michael Ferland Anthony Cirelli 40 1 2 2
PowerPlay Defense
Defense Defense Time % Phy DF OF
1 Noah Hanifin Jordan Oesterle 60 1 2 2
2 Matt Roy Charles-Olivier Roussel 40 1 2 2
Penalty Kill 4 Players Forward
Center Wing Time % Phy DF OF
1 Jayson Megna Teemu Hartikainen 60 1 2 2
2 Christoffer Ehn Michael Ferland 40 1 2 2
Penalty Kill 4 Players Defense
Defense Defense Time % Phy DF OF
1 Noah Hanifin Jordan Oesterle 60 1 2 2
2 Matt Roy Charles-Olivier Roussel 40 1 2 2
Penalty Kill - 3 Players Forward
Forward Time % Phy DF OF
1 Jayson Megna 60 1 2 2
2 Christoffer Ehn 40 1 2 2
Penalty Kill - 3 Players Defense
Defense Defense Time % Phy DF OF
1 Noah Hanifin Jordan Oesterle 60 1 2 2
2 Matt Roy Charles-Olivier Roussel 40 1 2 2
4 vs 4 Forward
Center Wing Time % Phy DF OF
1 Jayson Megna Teemu Hartikainen 60 1 2 2
2 Christoffer Ehn Michael Ferland 40 1 2 2
4 vs 4 Defense
Defense Defense Time % Phy DF OF
1 Noah Hanifin Jordan Oesterle 60 1 2 2
2 Matt Roy Charles-Olivier Roussel 40 1 2 2
Last Minutes Offensive
Center Left Wing Right Wing Defense Defense
Jayson Megna Teemu Hartikainen Brock Boeser Noah Hanifin Jordan Oesterle
Last Minutes Defensive
Center Left Wing Right Wing Defense Defense
Jayson Megna Teemu Hartikainen Brock Boeser Noah Hanifin Jordan Oesterle
Goaltenders
Starting : Kaapo Kahkonen
Backup : Josef Korenar
Extra Forwards
Normal : Christoffer Ehn, Denis Gurianov, Michael Ferland - PP : Christoffer Ehn, Denis Gurianov - PK : Christoffer Ehn
Extra Defensemen
Normal : Jeremy Lauzon, Sean Walker, Jacob Larsson - PP : Jeremy Lauzon - PK : Jeremy Lauzon, Sean Walker
Penalty Shots
Teemu Hartikainen, Brock Boeser, Jayson Megna, Anthony Cirelli, Christoffer Ehn
Scratches
Kyle Capobianco (Healthy), Michael Downing (Healthy), Mitch Callahan (Back Injury), Roman Josi (Healthy), Anatoli Golyshev (Left Forearm Injury)
Icehogs
5 vs 5 Forward
Center Left Wing Right Wing Time % Phy DF OF
1 Frederik Gauthier Craig Cunningham Mike Amadio 40 1 2 2
2 Michael Chaput Andrew Mangiapane Curtis Lazar 30 1 2 2
3 Tanner Richard Mikhail Grigorenko Kevin Fiala 20 1 2 2
4 Dillon Dube Mattias Janmark Nikita Scherbak 10 1 2 2
5 vs 5 Defense
Defense Defense Time % Phy DF OF
1 Petter Granberg Ben Harpur 40 1 2 2
2 Nick Mattson Mike Reilly 30 1 2 2
3 Patrick Sieloff Julius Honka 20 1 2 2
4 Petter Granberg Ben Harpur 10 1 2 2
PowerPlay Forward
Center Left Wing Right Wing Time % Phy DF OF
1 Frederik Gauthier Craig Cunningham Mike Amadio 60 1 2 2
2 Michael Chaput Andrew Mangiapane Curtis Lazar 40 1 2 2
PowerPlay Defense
Defense Defense Time % Phy DF OF
1 Petter Granberg Ben Harpur 60 1 2 2
2 Nick Mattson Mike Reilly 40 1 2 2
Penalty Kill 4 Players Forward
Center Wing Time % Phy DF OF
1 Frederik Gauthier Craig Cunningham 60 1 2 2
2 Michael Chaput Andrew Mangiapane 40 1 2 2
Penalty Kill 4 Players Defense
Defense Defense Time % Phy DF OF
1 Petter Granberg Ben Harpur 60 1 2 2
2 Nick Mattson Mike Reilly 40 1 2 2
Penalty Kill - 3 Players Forward
Forward Time % Phy DF OF
1 Frederik Gauthier 60 1 2 2
2 Michael Chaput 40 1 2 2
Penalty Kill - 3 Players Defense
Defense Defense Time % Phy DF OF
1 Petter Granberg Ben Harpur 60 1 2 2
2 Nick Mattson Mike Reilly 40 1 2 2
4 vs 4 Forward
Center Wing Time % Phy DF OF
1 Frederik Gauthier Craig Cunningham 60 1 2 2
2 Michael Chaput Andrew Mangiapane 40 1 2 2
4 vs 4 Defense
Defense Defense Time % Phy DF OF
1 Petter Granberg Ben Harpur 60 1 2 2
2 Nick Mattson Mike Reilly 40 1 2 2
Last Minutes Offensive
Center Left Wing Right Wing Defense Defense
Frederik Gauthier Craig Cunningham Mike Amadio Petter Granberg Ben Harpur
Last Minutes Defensive
Center Left Wing Right Wing Defense Defense
Frederik Gauthier Craig Cunningham Mike Amadio Petter Granberg Ben Harpur
Goaltenders
Starting : Joe Cannata
Backup : Mackenzie Blackwood
Extra Forwards
Normal : Tanner Richard, Andrew Mangiapane, Curtis Lazar - PP : Tanner Richard, Andrew Mangiapane - PK : Tanner Richard
Extra Defensemen
Normal : Mike Reilly, Patrick Sieloff, Julius Honka - PP : Mike Reilly - PK : Mike Reilly, Patrick Sieloff
Penalty Shots
Frederik Gauthier, Mike Amadio, Craig Cunningham, Michael Chaput, Tanner Richard
Scratches
Calle Andersson (Healthy), Clark Bishop (Healthy), Duncan Siemens (Healthy), JJ. Piccinich (Healthy), Kurtis Gabriel (Healthy)
Patrick Russell (Healthy), Ross Johnston (Healthy), Stefan Matteau (Right Hip Injury), Zach Whitecloud (Healthy), Jeremy Davies (Healthy)
Jackson Cates (Healthy), Michael Giugovaz (Healthy), Jack LaFontaine (Healthy)
% Time on Ice - Crunch
Lines # - Real PCT - Wanted PCT - Time Play
Normal Forward
1 - 32% - 40% - 15:34
2 - 27% - 30% - 12:59
3 - 22% - 20% - 10:31
4 - 19% - 10% - 8:56
Normal Defense
1 - 36% - 40% - 17:29
2 - 33% - 30% - 15:39
3 - 23% - 20% - 11:07
4 - 8% - 10% - 3:45
PP Forward
1 - 64% - 60% - 2:44
2 - 36% - 40% - 1:34
PP Defense
1 - 50% - 60% - 2:10
2 - 50% - 40% - 2:08
PK Forward
1 - 93% - 60% - 7:09
2 - 7% - 40% - 0:33
PK Defense
1 - 55% - 60% - 4:14
2 - 45% - 40% - 3:28
PK3 Forward
1 - 0% - 60%
2 - 0% - 40%
PK3 Defense
1 - 0% - 60%
2 - 0% - 40%
44 Forward
1 - 0% - 60%
2 - 0% - 40%
44 Defense
1 - 0% - 60%
2 - 0% - 40%
Last Minute Offensive - 0:00
Last Minute Defensive - 0:00
Total
Forward - 60:00
Defense - 60:00
|
% Time on Ice - Icehogs
Lines # - Real PCT - Wanted PCT - Time Play
Normal Forward
1 - 34% - 40% - 16:14
2 - 26% - 30% - 12:40
3 - 23% - 20% - 11:02
4 - 17% - 10% - 8:04
Normal Defense
1 - 40% - 40% - 19:20
2 - 31% - 30% - 15:07
3 - 26% - 20% - 12:15
4 - 3% - 10% - 1:18
PP Forward
1 - 49% - 60% - 3:46
2 - 51% - 40% - 3:56
PP Defense
1 - 67% - 60% - 5:08
2 - 33% - 40% - 2:34
PK Forward
1 - 80% - 60% - 3:26
2 - 20% - 40% - 0:52
PK Defense
1 - 61% - 60% - 2:37
2 - 39% - 40% - 1:41
PK3 Forward
1 - 0% - 60%
2 - 0% - 40%
PK3 Defense
1 - 0% - 60%
2 - 0% - 40%
44 Forward
1 - 0% - 60%
2 - 0% - 40%
44 Defense
1 - 0% - 60%
2 - 0% - 40%
Last Minute Offensive - 0:00
Last Minute Defensive - 0:00
Total
Forward - 60:00
Defense - 60:00
|
Play-by-Play
1st period
0:01 of 1st period - Jayson Megna wins face-off versus Frederik Gauthier in neutral zone.
0:12 of 1st period - Snap shot by Brock Boeser.
0:12 of 1st period - Shot Misses the Net.
0:49 of 1st period - Wrist shot by Mikhail Grigorenko.
0:49 of 1st period - Shot Misses the Net.
0:51 of 1st period - Slapshot by Ben Harpur.
0:51 of 1st period - Stopped by Kaapo Kahkonen with a rebound.
0:53 of 1st period - Snap shot by Kevin Fiala.
0:53 of 1st period - Stopped by Kaapo Kahkonen with a rebound.
0:55 of 1st period - Slapshot by Petter Granberg.
0:55 of 1st period - Stopped by Kaapo Kahkonen with a rebound.
1:13 of 1st period - Slapshot by Charles-Olivier Roussel.
1:13 of 1st period - Shot Misses the Net.
1:15 of 1st period - Snap shot by Connor Bunnaman.
1:15 of 1st period - Stopped by Joe Cannata with a rebound.
1:17 of 1st period - Wrist shot by Pierre-Luc Dubois.
1:17 of 1st period - Shot Blocked by Mike Reilly.
1:53 of 1st period - Wrist shot by Michael Ferland.
1:53 of 1st period - Goal by Michael Ferland - Crunch : 1 - Icehogs : 0.
1:54 of 1st period - Christoffer Ehn wins face-off versus Michael Chaput in neutral zone.
2:05 of 1st period - Slapshot by Michael Ferland.
2:05 of 1st period - Stopped by Joe Cannata with a rebound.
2:48 of 1st period - Slapshot by Mattias Janmark.
2:48 of 1st period - Stopped by Kaapo Kahkonen with a rebound.
2:50 of 1st period - Backhand shot by Nikita Scherbak.
2:50 of 1st period - Shot Misses the Net.
2:52 of 1st period - Snap shot by Nikita Scherbak.
2:52 of 1st period - Stopped by Kaapo Kahkonen with a rebound.
3:02 of 1st period - Mikhail Grigorenko is hit by Dalton Smith and loses puck.
3:13 of 1st period - Slapshot by Denis Gurianov.
3:13 of 1st period - Stopped by Joe Cannata without a rebound.
3:14 of 1st period - Frederik Gauthier wins face-off versus Christoffer Ehn in Icehogs zone.
3:43 of 1st period - Snap shot by Jared Staal.
3:43 of 1st period - Stopped by Joe Cannata with a rebound.
3:49 of 1st period - Slapshot by Mike Reilly.
3:49 of 1st period - Stopped by Kaapo Kahkonen with a rebound.
4:10 of 1st period - Snap shot by Craig Cunningham.
4:10 of 1st period - Shot Misses the Net.
4:12 of 1st period - Wrist shot by Craig Cunningham.
4:12 of 1st period - Stopped by Kaapo Kahkonen with a rebound.
4:14 of 1st period - Slapshot by Mike Reilly.
4:14 of 1st period - Shot Misses the Net.
4:41 of 1st period - Wrist shot by Craig Cunningham.
4:41 of 1st period - Stopped by Kaapo Kahkonen with a rebound.
4:43 of 1st period - Snap shot by Frederik Gauthier.
4:43 of 1st period - Shot Blocked by Dylan Strome.
4:45 of 1st period - Slapshot by Craig Cunningham.
4:45 of 1st period - Shot Misses the Net.
4:47 of 1st period - Snap shot by Mike Amadio.
4:47 of 1st period - Goal by Mike Amadio - Crunch : 1 - Icehogs : 1.
4:48 of 1st period - Michael Chaput wins face-off versus Jayson Megna in neutral zone.
4:57 of 1st period - Slapshot by Jayson Megna.
4:57 of 1st period - Stopped by Joe Cannata with a rebound.
4:59 of 1st period - Slapshot by Jordan Oesterle.
4:59 of 1st period - Shot Blocked by Curtis Lazar.
5:24 of 1st period - Noah Hanifin is hit by Julius Honka and loses puck.
5:37 of 1st period - Jordan Oesterle is hit by Mattias Janmark and loses puck.
6:31 of 1st period - Wrist shot by Christoffer Ehn.
6:31 of 1st period - Goal by Christoffer Ehn - Crunch : 2 - Icehogs : 1.
6:32 of 1st period - Michael Chaput wins face-off versus Jayson Megna in neutral zone.
6:43 of 1st period - Snap shot by Brock Boeser.
6:43 of 1st period - Stopped by Joe Cannata with a rebound.
6:45 of 1st period - Slapshot by Matt Roy.
6:45 of 1st period - Stopped by Joe Cannata with a rebound.
6:47 of 1st period - Wrist shot by Brock Boeser.
6:47 of 1st period - Stopped by Joe Cannata without a rebound.
6:48 of 1st period - Tanner Richard wins face-off versus Anthony Cirelli in Icehogs zone.
7:23 of 1st period - Wrist shot by Curtis Lazar.
7:23 of 1st period - Shot Blocked by Teemu Hartikainen.
8:05 of 1st period - Wrist shot by Mattias Janmark.
8:05 of 1st period - Shot Misses the Net.
8:23 of 1st period - Wrist shot by Kevin Fiala.
8:23 of 1st period - Deflect By Tanner Richard.
8:23 of 1st period - Stopped by Kaapo Kahkonen with a rebound.
8:45 of 1st period - Snap shot by Brock Boeser.
8:45 of 1st period - Shot Misses the Net.
9:11 of 1st period - Frederik Gauthier is hit by Jared Staal and loses puck.
9:21 of 1st period - Icing by Connor Bunnaman.
9:22 of 1st period - Christoffer Ehn wins face-off versus Tanner Richard in Crunch zone.
10:40 of 1st period - Minor Penalty to Dillon Dube for Holding.
10:41 of 1st period - Frederik Gauthier wins face-off versus Jayson Megna in Icehogs zone.
10:49 of 1st period - Petter Granberg is hit by Teemu Hartikainen and loses puck.
11:38 of 1st period - Jayson Megna is hit by Tanner Richard and loses puck.
11:45 of 1st period - Frederik Gauthier is hit by Jayson Megna and loses puck.
12:25 of 1st period - Off-side.
12:26 of 1st period - Jayson Megna wins face-off versus Michael Chaput in neutral zone.
12:40 of 1st period - Penalty to Dillon Dube is over, Dillon Dube is back on ice.
12:55 of 1st period - Snap shot by Mikhail Grigorenko.
12:55 of 1st period - Shot Blocked by Matt Roy.
13:31 of 1st period - Curtis Lazar is hit by Denis Gurianov and loses puck.
13:38 of 1st period - Andrew Mangiapane is hit by Denis Gurianov and loses puck.
13:45 of 1st period - Dalton Smith is hit by Michael Chaput and loses puck.
14:03 of 1st period - Charles-Olivier Roussel is hit by Michael Chaput and loses puck.
14:08 of 1st period - Snap shot by Curtis Lazar.
14:08 of 1st period - Deflect By Michael Chaput.
14:08 of 1st period - Stopped by Kaapo Kahkonen with a rebound.
14:10 of 1st period - Snap shot by Michael Chaput.
14:10 of 1st period - Deflect By Andrew Mangiapane.
14:10 of 1st period - Goal by Andrew Mangiapane - Crunch : 2 - Icehogs : 2.
14:11 of 1st period - Frederik Gauthier wins face-off versus Jayson Megna in neutral zone.
14:38 of 1st period - Christoffer Ehn is hit by Mikhail Grigorenko and loses puck.
15:13 of 1st period - Noah Hanifin is hit by Nikita Scherbak.
15:28 of 1st period - Snap shot by Nikita Scherbak.
15:28 of 1st period - Stopped by Kaapo Kahkonen without a rebound.
15:29 of 1st period - Jayson Megna wins face-off versus Frederik Gauthier in Crunch zone.
15:44 of 1st period - Snap shot by Mike Amadio.
15:44 of 1st period - Shot Misses the Net.
16:26 of 1st period - Snap shot by Tanner Richard.
16:26 of 1st period - Shot Misses the Net.
16:32 of 1st period - Double Minor Penalty to Jayson Megna for High sticking.
16:33 of 1st period - Christoffer Ehn wins face-off versus Frederik Gauthier in Crunch zone.
17:22 of 1st period - Teemu Hartikainen is hit by Andrew Mangiapane and loses puck.
17:35 of 1st period - Snap shot by Curtis Lazar.
17:35 of 1st period - Shot Misses the Net.
17:37 of 1st period - Wrist shot by Michael Chaput.
17:37 of 1st period - Shot Misses the Net.
17:39 of 1st period - Slapshot by Ben Harpur.
17:39 of 1st period - Stopped by Kaapo Kahkonen without a rebound.
17:40 of 1st period - Frederik Gauthier wins face-off versus Dylan Strome in Crunch zone.
17:55 of 1st period - Slapshot by Craig Cunningham.
17:55 of 1st period - Shot Misses the Net.
19:03 of 1st period - Dalton Smith is hit by Michael Chaput and loses puck.
19:20 of 1st period - Teemu Hartikainen is hit by Craig Cunningham and loses puck.
19:35 of 1st period - Wrist shot by Kevin Fiala.
19:35 of 1st period - Deflect By Mattias Janmark.
19:35 of 1st period - Shot Misses the Net.
19:35 of 1st period - Puck is out of play.
19:36 of 1st period - Connor Bunnaman wins face-off versus Tanner Richard in Crunch zone.
Goals for this period are 2 for Crunch vs 2 for Icehogs.
Shots for this period are 10 for Crunch vs 14 for Icehogs.
2nd period
0:01 of 2nd period - Frederik Gauthier wins face-off versus Teemu Hartikainen in neutral zone.
0:14 of 2nd period - Snap shot by Frederik Gauthier.
0:14 of 2nd period - Shot Blocked by Noah Hanifin.
0:16 of 2nd period - Backhand shot by Mike Amadio.
0:16 of 2nd period - Deflect By Craig Cunningham.
0:16 of 2nd period - Deflect By Christoffer Ehn.
0:16 of 2nd period - Goal by Craig Cunningham - Crunch : 2 - Icehogs : 3.
0:17 of 2nd period - Frederik Gauthier wins face-off versus Jayson Megna in neutral zone.
1:02 of 2nd period - Backhand shot by Petter Granberg.
1:02 of 2nd period - Stopped by Kaapo Kahkonen without a rebound.
1:03 of 2nd period - Dalton Smith wins face-off versus Tanner Richard in Crunch zone.
1:08 of 2nd period - Wrist shot by Tanner Richard.
1:08 of 2nd period - Stopped by Kaapo Kahkonen without a rebound.
1:09 of 2nd period - Jayson Megna wins face-off versus Tanner Richard in Crunch zone.
1:27 of 2nd period - Snap shot by Kevin Fiala.
1:27 of 2nd period - Shot Misses the Net.
1:29 of 2nd period - Wrist shot by Kevin Fiala.
1:29 of 2nd period - Shot Blocked by Jordan Oesterle.
1:37 of 2nd period - Snap shot by Kevin Fiala.
1:37 of 2nd period - Shot Misses the Net.
1:39 of 2nd period - Snap shot by Kevin Fiala.
1:39 of 2nd period - Shot Misses the Net.
1:41 of 2nd period - Slapshot by Nick Mattson.
1:41 of 2nd period - Shot Misses the Net.
1:43 of 2nd period - Snap shot by Tanner Richard.
1:43 of 2nd period - Shot Blocked by Jayson Megna.
1:45 of 2nd period - Wrist shot by Kevin Fiala.
1:45 of 2nd period - Stopped by Kaapo Kahkonen with a rebound.
1:47 of 2nd period - Wrist shot by Tanner Richard.
1:47 of 2nd period - Shot Misses the Net.
1:49 of 2nd period - Slapshot by Mike Reilly.
1:49 of 2nd period - Goal by Mike Reilly - Crunch : 2 - Icehogs : 4.
1:49 of 2nd period - Josef Korenar enters game.
1:50 of 2nd period - Frederik Gauthier wins face-off versus Christoffer Ehn in neutral zone.
2:04 of 2nd period - Snap shot by Anthony Cirelli.
2:04 of 2nd period - Shot Misses the Net.
2:20 of 2nd period - Noah Hanifin is hit by Curtis Lazar and loses puck.
2:27 of 2nd period - Curtis Lazar is hit by Brock Boeser and loses puck.
2:37 of 2nd period - Off-side.
2:38 of 2nd period - Tanner Richard wins face-off versus Connor Bunnaman in neutral zone.
2:53 of 2nd period - Snap shot by Charles-Olivier Roussel.
2:53 of 2nd period - Shot Hit the Post.
3:06 of 2nd period - Petter Granberg is hit by Charles-Olivier Roussel and loses puck.
4:28 of 2nd period - Snap shot by Mikhail Grigorenko.
4:28 of 2nd period - Shot Misses the Net.
4:30 of 2nd period - Slapshot by Nick Mattson.
4:30 of 2nd period - Stopped by Josef Korenar with a rebound.
4:36 of 2nd period - Snap shot by Tanner Richard.
4:36 of 2nd period - Shot Misses the Net.
4:54 of 2nd period - Snap shot by Anthony Cirelli.
4:54 of 2nd period - Shot Blocked by Curtis Lazar.
4:56 of 2nd period - Slapshot by Jordan Oesterle.
4:56 of 2nd period - Shot Misses the Net.
4:58 of 2nd period - Slapshot by Jordan Oesterle.
4:58 of 2nd period - Deflect By Michael Chaput.
4:58 of 2nd period - Stopped by Joe Cannata with a rebound.
5:04 of 2nd period - Minor Penalty to Petter Granberg for Tripping.
5:05 of 2nd period - Frederik Gauthier wins face-off versus Jayson Megna in Icehogs zone.
5:10 of 2nd period - Frederik Gauthier is hit by Teemu Hartikainen and loses puck.
5:39 of 2nd period - Patrick Sieloff is hit by Christoffer Ehn and loses puck.
6:06 of 2nd period - Craig Cunningham is hit by Anthony Cirelli.
7:04 of 2nd period - Penalty to Petter Granberg is over, Petter Granberg is back on ice.
7:18 of 2nd period - Nikita Scherbak is hit by Jordan Oesterle and loses puck.
7:31 of 2nd period - Slapshot by Ben Harpur.
7:31 of 2nd period - Deflect By Denis Gurianov.
7:31 of 2nd period - Stopped by Josef Korenar with a rebound.
7:33 of 2nd period - Snap shot by Andrew Mangiapane.
7:33 of 2nd period - Stopped by Josef Korenar with a rebound.
7:55 of 2nd period - Slapshot by Pierre-Luc Dubois.
7:55 of 2nd period - Shot Misses the Net.
7:57 of 2nd period - Snap shot by Jeremy Lauzon.
7:57 of 2nd period - Shot Misses the Net.
8:40 of 2nd period - Connor Bunnaman is hit by Kevin Fiala.
8:44 of 2nd period - Petter Granberg is hit by Jared Staal and loses puck.
9:08 of 2nd period - Nick Mattson is hit by Christoffer Ehn and loses puck.
9:32 of 2nd period - Mattias Janmark is hit by Jared Staal and loses puck.
9:43 of 2nd period - Dalton Smith is hit by Frederik Gauthier.
9:52 of 2nd period - Denis Gurianov is hit by Frederik Gauthier and loses puck.
10:05 of 2nd period - Curtis Lazar is hit by Jayson Megna and loses puck.
10:18 of 2nd period - Matt Roy is hit by Mikhail Grigorenko and loses puck.
10:28 of 2nd period - Icing by Matt Roy.
10:29 of 2nd period - Anthony Cirelli wins face-off versus Dillon Dube in Crunch zone.
10:39 of 2nd period - Charles-Olivier Roussel is hit by Ben Harpur and loses puck.
10:54 of 2nd period - Matt Roy is hit by Patrick Sieloff and loses puck.
11:03 of 2nd period - Snap shot by Frederik Gauthier.
11:03 of 2nd period - Shot Misses the Net.
11:15 of 2nd period - Anthony Cirelli is hit by Michael Chaput and loses puck.
11:43 of 2nd period - Pierre-Luc Dubois is hit by Kevin Fiala and loses puck.
12:06 of 2nd period - Wrist shot by Jayson Megna.
12:06 of 2nd period - Shot Misses the Net.
12:49 of 2nd period - Nikita Scherbak is hit by Dylan Strome and loses puck.
13:02 of 2nd period - Wrist shot by Jared Staal.
13:02 of 2nd period - Shot Blocked by Mike Reilly.
13:06 of 2nd period - Snap shot by Jared Staal.
13:06 of 2nd period - Stopped by Joe Cannata without a rebound.
13:07 of 2nd period - Connor Bunnaman wins face-off versus Frederik Gauthier in Icehogs zone.
13:20 of 2nd period - Wrist shot by Craig Cunningham.
13:20 of 2nd period - Shot Misses the Net.
13:30 of 2nd period - Noah Hanifin is hit by Curtis Lazar and loses puck.
14:07 of 2nd period - Snap shot by Jared Staal.
14:07 of 2nd period - Shot Misses the Net.
14:09 of 2nd period - Slapshot by Jared Staal.
14:09 of 2nd period - Shot Misses the Net.
14:11 of 2nd period - Wrist shot by Jared Staal.
14:11 of 2nd period - Shot Blocked by Ben Harpur.
14:25 of 2nd period - Snap shot by Jared Staal.
14:25 of 2nd period - Goal by Jared Staal - Crunch : 3 - Icehogs : 4.
14:26 of 2nd period - Jayson Megna wins face-off versus Mike Amadio in neutral zone.
14:31 of 2nd period - Slapshot by Mike Amadio.
14:31 of 2nd period - Stopped by Josef Korenar without a rebound.
14:32 of 2nd period - Frederik Gauthier wins face-off versus Jayson Megna in Crunch zone.
14:41 of 2nd period - Wrist shot by Craig Cunningham.
14:41 of 2nd period - Stopped by Josef Korenar with a rebound.
15:07 of 2nd period - Snap shot by Michael Chaput.
15:07 of 2nd period - Shot Blocked by Charles-Olivier Roussel.
15:41 of 2nd period - Slapshot by Teemu Hartikainen.
15:41 of 2nd period - Shot Misses the Net.
15:43 of 2nd period - Slapshot by Charles-Olivier Roussel.
15:43 of 2nd period - Shot Blocked by Nikita Scherbak.
15:45 of 2nd period - Wrist shot by Teemu Hartikainen.
15:45 of 2nd period - Shot Blocked by Nikita Scherbak.
15:59 of 2nd period - Snap shot by Frederik Gauthier.
15:59 of 2nd period - Stopped by Josef Korenar without a rebound.
16:00 of 2nd period - Christoffer Ehn wins face-off versus Frederik Gauthier in Crunch zone.
16:17 of 2nd period - Snap shot by Nick Mattson.
16:17 of 2nd period - Shot Blocked by Noah Hanifin.
16:19 of 2nd period - Snap shot by Mike Amadio.
16:19 of 2nd period - Stopped by Josef Korenar without a rebound.
16:20 of 2nd period - Michael Chaput wins face-off versus Jayson Megna in Crunch zone.
16:42 of 2nd period - Icing by Petter Granberg.
16:43 of 2nd period - Frederik Gauthier wins face-off versus Christoffer Ehn in Icehogs zone.
18:32 of 2nd period - Off-side.
18:33 of 2nd period - Dylan Strome wins face-off versus Michael Chaput in neutral zone.
18:40 of 2nd period - Wrist shot by Denis Gurianov.
18:40 of 2nd period - Shot Blocked by Andrew Mangiapane.
18:42 of 2nd period - Slapshot by Matt Roy.
18:42 of 2nd period - Stopped by Joe Cannata with a rebound.
18:44 of 2nd period - Backhand shot by Charles-Olivier Roussel.
18:44 of 2nd period - Stopped by Joe Cannata without a rebound.
18:45 of 2nd period - Frederik Gauthier wins face-off versus Jayson Megna in Icehogs zone.
19:20 of 2nd period - Snap shot by Kevin Fiala.
19:20 of 2nd period - Deflect By Tanner Richard.
19:20 of 2nd period - Shot Misses the Net.
19:20 of 2nd period - Puck is out of play.
19:21 of 2nd period - Frederik Gauthier wins face-off versus Christoffer Ehn in Crunch zone.
Goals for this period are 1 for Crunch vs 2 for Icehogs.
Shots for this period are 5 for Crunch vs 12 for Icehogs.
3rd period
0:01 of 3rd period - Jayson Megna wins face-off versus Frederik Gauthier in neutral zone.
0:06 of 3rd period - Slapshot by Craig Cunningham.
0:06 of 3rd period - Goal by Craig Cunningham - Crunch : 3 - Icehogs : 5.
0:07 of 3rd period - Frederik Gauthier wins face-off versus Jayson Megna in neutral zone.
0:12 of 3rd period - Slapshot by Petter Granberg.
0:12 of 3rd period - Shot Blocked by Jayson Megna.
0:32 of 3rd period - Petter Granberg is hit by Michael Ferland and loses puck.
0:37 of 3rd period - Wrist shot by Michael Ferland.
0:37 of 3rd period - Stopped by Joe Cannata without a rebound.
0:38 of 3rd period - Christoffer Ehn wins face-off versus Michael Chaput in Icehogs zone.
0:43 of 3rd period - Snap shot by Michael Ferland.
0:43 of 3rd period - Shot Misses the Net.
0:45 of 3rd period - Slapshot by Matt Roy.
0:45 of 3rd period - Deflect By Christoffer Ehn.
0:45 of 3rd period - Stopped by Joe Cannata with a rebound.
0:49 of 3rd period - Snap shot by Michael Ferland.
0:49 of 3rd period - Stopped by Joe Cannata with a rebound.
1:03 of 3rd period - Matt Roy is hit by Frederik Gauthier and loses puck.
1:10 of 3rd period - Mike Amadio is hit by Brock Boeser and loses puck.
1:32 of 3rd period - Snap shot by Mikhail Grigorenko.
1:32 of 3rd period - Stopped by Josef Korenar with a rebound.
1:43 of 3rd period - Icing by Kevin Fiala.
1:44 of 3rd period - Tanner Richard wins face-off versus Christoffer Ehn in Icehogs zone.
2:47 of 3rd period - Andrew Mangiapane is hit by Brock Boeser and loses puck.
3:18 of 3rd period - Patrick Sieloff is hit by Jared Staal and loses puck.
4:01 of 3rd period - Snap shot by Tanner Richard.
4:01 of 3rd period - Shot Blocked by Charles-Olivier Roussel.
4:19 of 3rd period - Wrist shot by Michael Ferland.
4:19 of 3rd period - Deflect By Christoffer Ehn.
4:19 of 3rd period - Shot Misses the Net.
4:19 of 3rd period - Puck is out of play.
4:20 of 3rd period - Frederik Gauthier wins face-off versus Christoffer Ehn in Icehogs zone.
4:20 of 3rd period - Frederik Gauthier is hit by Anthony Cirelli.
4:56 of 3rd period - Slapshot by Craig Cunningham.
4:56 of 3rd period - Shot Misses the Net.
4:58 of 3rd period - Wrist shot by Craig Cunningham.
4:58 of 3rd period - Shot Misses the Net.
5:00 of 3rd period - Snap shot by Craig Cunningham.
5:00 of 3rd period - Deflect By Mike Amadio.
5:00 of 3rd period - Shot Misses the Net.
5:00 of 3rd period - Puck is out of play.
5:01 of 3rd period - Michael Chaput wins face-off versus Jayson Megna in Crunch zone.
5:02 of 3rd period - Snap shot by Curtis Lazar.
5:02 of 3rd period - Shot Misses the Net.
5:04 of 3rd period - Minor Penalty to Matt Roy for Hooking.
5:05 of 3rd period - Frederik Gauthier wins face-off versus Jayson Megna in Crunch zone.
6:44 of 3rd period - Icing by Michael Chaput.
6:45 of 3rd period - Michael Chaput wins face-off versus Dylan Strome in Icehogs zone.
6:52 of 3rd period - Dalton Smith is hit by Petter Granberg and loses puck.
7:04 of 3rd period - Penalty to Matt Roy is over, Matt Roy is back on ice.
7:36 of 3rd period - Wrist shot by Andrew Mangiapane.
7:36 of 3rd period - Shot Misses the Net.
8:04 of 3rd period - Slapshot by Michael Chaput.
8:04 of 3rd period - Deflect By Teemu Hartikainen.
8:04 of 3rd period - Stopped by Josef Korenar with a rebound.
8:31 of 3rd period - Wrist shot by Michael Chaput.
8:31 of 3rd period - Shot Misses the Net.
8:33 of 3rd period - Slapshot by Michael Chaput.
8:33 of 3rd period - Shot Misses the Net.
8:35 of 3rd period - Snap shot by Michael Chaput.
8:35 of 3rd period - Shot Misses the Net.
8:37 of 3rd period - Slapshot by Petter Granberg.
8:37 of 3rd period - Stopped by Josef Korenar with a rebound.
8:41 of 3rd period - Snap shot by Michael Chaput.
8:41 of 3rd period - Shot Misses the Net.
8:43 of 3rd period - Wrist shot by Curtis Lazar.
8:43 of 3rd period - Goal by Curtis Lazar - Crunch : 3 - Icehogs : 6.
8:44 of 3rd period - Christoffer Ehn wins face-off versus Frederik Gauthier in neutral zone.
9:49 of 3rd period - Snap shot by Dalton Smith.
9:49 of 3rd period - Shot Misses the Net.
10:18 of 3rd period - Wrist shot by Anthony Cirelli.
10:18 of 3rd period - Shot Misses the Net.
10:20 of 3rd period - Slapshot by Jacob Larsson.
10:20 of 3rd period - Shot Misses the Net.
10:30 of 3rd period - Nikita Scherbak is hit by Sean Walker and loses puck.
10:39 of 3rd period - Slapshot by Noah Hanifin.
10:39 of 3rd period - Goal by Noah Hanifin - Crunch : 4 - Icehogs : 6.
10:40 of 3rd period - Christoffer Ehn wins face-off versus Frederik Gauthier in neutral zone.
10:47 of 3rd period - Snap shot by Michael Ferland.
10:47 of 3rd period - Stopped by Joe Cannata without a rebound.
10:48 of 3rd period - Christoffer Ehn wins face-off versus Frederik Gauthier in Icehogs zone.
10:55 of 3rd period - Slapshot by Christoffer Ehn.
10:55 of 3rd period - Shot Hit the Post.
11:03 of 3rd period - Wrist shot by Michael Ferland.
11:03 of 3rd period - Shot Misses the Net.
11:17 of 3rd period - Slapshot by Nick Mattson.
11:17 of 3rd period - Stopped by Josef Korenar with a rebound.
11:19 of 3rd period - Slapshot by Mike Reilly.
11:19 of 3rd period - Shot Misses the Net.
11:47 of 3rd period - Snap shot by Teemu Hartikainen.
11:47 of 3rd period - Stopped by Joe Cannata without a rebound.
11:48 of 3rd period - Christoffer Ehn wins face-off versus Frederik Gauthier in Icehogs zone.
11:57 of 3rd period - Snap shot by Christoffer Ehn.
11:57 of 3rd period - Shot Misses the Net.
12:01 of 3rd period - Snap shot by Anthony Cirelli.
12:01 of 3rd period - Shot Misses the Net.
12:03 of 3rd period - Snap shot by Michael Ferland.
12:03 of 3rd period - Stopped by Joe Cannata with a rebound.
12:13 of 3rd period - Craig Cunningham is hit by Pierre-Luc Dubois.
12:29 of 3rd period - Icing by Julius Honka.
12:30 of 3rd period - Jayson Megna wins face-off versus Frederik Gauthier in Icehogs zone.
12:37 of 3rd period - Wrist shot by Jayson Megna.
12:37 of 3rd period - Shot Misses the Net.
13:06 of 3rd period - Wrist shot by Frederik Gauthier.
13:06 of 3rd period - Stopped by Josef Korenar without a rebound.
13:07 of 3rd period - Michael Chaput wins face-off versus Jayson Megna in Crunch zone.
13:11 of 3rd period - Minor Penalty to Jayson Megna for Holding.
13:12 of 3rd period - Michael Chaput wins face-off versus Christoffer Ehn in Crunch zone.
13:18 of 3rd period - Backhand shot by Curtis Lazar.
13:18 of 3rd period - Deflect By Michael Chaput.
13:18 of 3rd period - Shot Blocked by Jordan Oesterle.
13:18 of 3rd period - Puck is out of play.
13:19 of 3rd period - Michael Chaput wins face-off versus Christoffer Ehn in Crunch zone.
15:11 of 3rd period - Penalty to Jayson Megna is over, Jayson Megna is back on ice.
15:16 of 3rd period - Slapshot by Jeremy Lauzon.
15:16 of 3rd period - Shot Blocked by Mike Reilly.
15:18 of 3rd period - Snap shot by Jared Staal.
15:18 of 3rd period - Stopped by Joe Cannata without a rebound.
15:19 of 3rd period - Tanner Richard wins face-off versus Connor Bunnaman in Icehogs zone.
15:41 of 3rd period - Slapshot by Jeremy Lauzon.
15:41 of 3rd period - Stopped by Joe Cannata with a rebound.
15:43 of 3rd period - Wrist shot by Pierre-Luc Dubois.
15:43 of 3rd period - Shot Misses the Net.
15:45 of 3rd period - Slapshot by Pierre-Luc Dubois.
15:45 of 3rd period - Deflect By Connor Bunnaman.
15:45 of 3rd period - Stopped by Joe Cannata with a rebound.
15:47 of 3rd period - Snap shot by Connor Bunnaman.
15:47 of 3rd period - Stopped by Joe Cannata without a rebound.
15:48 of 3rd period - Dylan Strome wins face-off versus Tanner Richard in Icehogs zone.
16:43 of 3rd period - Backhand shot by Michael Chaput.
16:43 of 3rd period - Stopped by Josef Korenar with a rebound.
16:59 of 3rd period - Slapshot by Charles-Olivier Roussel.
16:59 of 3rd period - Stopped by Joe Cannata with a rebound.
17:43 of 3rd period - Noah Hanifin is hit by Michael Chaput.
17:47 of 3rd period - Julius Honka is hit by Jayson Megna and loses puck.
18:08 of 3rd period - Backhand shot by Michael Ferland.
18:08 of 3rd period - Stopped by Joe Cannata without a rebound.
18:09 of 3rd period - Tanner Richard wins face-off versus Dalton Smith in Icehogs zone.
18:24 of 3rd period - Slapshot by Jeremy Lauzon.
18:24 of 3rd period - Stopped by Joe Cannata without a rebound.
18:25 of 3rd period - Frederik Gauthier wins face-off versus Jayson Megna in Icehogs zone.
18:34 of 3rd period - Slapshot by Craig Cunningham.
18:34 of 3rd period - Stopped by Josef Korenar without a rebound.
18:35 of 3rd period - Jayson Megna wins face-off versus Frederik Gauthier in Crunch zone.
18:35 of 3rd period - Jayson Megna is hit by Mike Amadio.
18:45 of 3rd period - Snap shot by Matt Roy.
18:45 of 3rd period - Shot Hit the Post.
18:47 of 3rd period - Snap shot by Charles-Olivier Roussel.
18:47 of 3rd period - Stopped by Joe Cannata without a rebound.
18:48 of 3rd period - Dylan Strome wins face-off versus Tanner Richard in Icehogs zone.
18:51 of 3rd period - Snap shot by Dylan Strome.
18:51 of 3rd period - Deflect By Denis Gurianov.
18:51 of 3rd period - Stopped by Joe Cannata with a rebound.
19:39 of 3rd period - Minor Penalty to Andrew Mangiapane for Roughing.
19:40 of 3rd period - Frederik Gauthier wins face-off versus Jayson Megna in Icehogs zone.
Goals for this period are 1 for Crunch vs 2 for Icehogs.
Shots for this period are 16 for Crunch vs 9 for Icehogs.
Output by the SimonT Hockey Simulator (STHS) for Francois Prevost